TOP OF THE 1ST |
Menlo Maniacs batting - Pitching for Moose Jaw Ghostbusters : LHP Colton Elías
|
Pitching: LHP Colton Elías
|
|
Batting: RHB José Luján
|
0-0: Called Strike 0-1: Called Strike 0-2: Ball 1-2: Strikes out swinging
|
Batting: RHB Joe Smith
|
0-0: Swinging Strike 0-1: Foul Ball, location: 2F 0-2: Ball 1-2: Ball 2-2: Strikes out swinging
|
Batting: RHB Bob Fitzgerald
|
0-0: SINGLE (Line Drive, 4MD)
|
Batting: RHB Clinton Barton
|
0-0: Ball 1-0: SINGLE (Groundball, 6MD) Bob Fitzgerald to second Runner from 2nd tries for 3rd, SAFE, no throw
|
Batting: LHB Robby Lawson
|
0-0: Ball 1-0: Fly out, F3 (Line Drive, 3)
|
Top of the 1st over - 0 runs, 2 hits, 0 errors, 2 left on base; Menlo 0 - Moose Jaw 0 |
BOTTOM OF THE 1ST |
Moose Jaw Ghostbusters batting - Pitching for Menlo Maniacs : LHP Pedro Castro
|
Pitching: LHP Pedro Castro
|
|
Batting: SHB Lonnie Washington
|
0-0: Ball 1-0: SINGLE (Line Drive, 5S)
|
Batting: RHB Bob Cole
|
0-0: Foul Ball, location: 2F 0-1: Called Strike 0-2: SINGLE (Groundball, 4MD) Lonnie Washington to second Runner from 2nd tries for 3rd, SAFE, no throw
|
Batting: LHB Jon Scott
|
0-0: SINGLE (Groundball, 6) (infield hit) Lonnie Washington scores Bob Cole to second
|
Batting: SHB Rafael Acosta
|
0-0: Called Strike 0-1: Called Strike 0-2: Foul Ball, location: 2F 0-2: Strikes out swinging
|
Batting: RHB José Maldonado
|
0-0: Foul Ball, location: 2F 0-1: Foul Ball, location: 2F 0-2: Ball 1-2: Ball 2-2: Strikes out looking
|
Batting: RHB Aaron Murray
|
0-0: Ball 1-0: Ball 2-0: Called Strike 2-1: Swinging Strike 2-2: Hit by Pitch Bob Cole to third Jon Scott to second
|
Batting: RHB Scott McGuire
|
0-0: Foul Ball, location: 2F 0-1: Swinging Strike 0-2: Foul Ball, location: 2F 0-2: Strikes out swinging
|
Bottom of the 1st over - 1 run, 3 hits, 0 errors, 3 left on base; Menlo 0 - Moose Jaw 1 |
TOP OF THE 2ND |
Menlo Maniacs batting - Pitching for Moose Jaw Ghostbusters : LHP Colton Elías
|
Batting: RHB Paul Hardy
|
0-0: Ball 1-0: Foul Ball, location: 2F 1-1: Ball 2-1: Ball 3-1: Called Strike 3-2: Strikes out looking
|
Batting: RHB Dani Torres
|
0-0: Called Strike 0-1: Swinging Strike 0-2: Ball 1-2: Strikes out swinging
|
Batting: RHB Miguel González
|
0-0: Foul Ball, location: 2F 0-1: Foul Ball, location: 2F 0-2: Ball 1-2: Ball 2-2: Strikes out looking
|
Top of the 2nd over - 0 runs, 0 hits, 0 errors, 0 left on base; Menlo 0 - Moose Jaw 1 |
BOTTOM OF THE 2ND |
Moose Jaw Ghostbusters batting - Pitching for Menlo Maniacs : LHP Pedro Castro
|
Batting: LHB Darren Holland
|
0-0: Ball 1-0: Foul Ball, location: 2F 1-1: Ball 2-1: Foul Ball, location: 2F 2-2: Hit by Pitch
|
Batting: SHB Martín Cruz
|
0-0: Ball 1-0: Foul Ball, location: 2F 1-1: Ball 2-1: Ball 3-1: Foul Ball, location: 2F 3-2: Base on Balls Darren Holland to second
|
Batting: SHB Lonnie Washington
|
0-0: Ball 1-0: Foul Ball, location: 2F 1-1: Fielders Choice at 2nd, 3-6 (Groundball, 3) Darren Holland to third
|
Batting: RHB Bob Cole
|
0-0: Ball 1-0: Ball 2-0: Foul Ball, location: 2F 2-1: Ball 3-1: Foul Ball, location: 2F 3-2: Base on Balls Lonnie Washington to second
|
Batting: LHB Jon Scott
|
0-0: Foul Ball, location: 2F 0-1: Grounds into double play, 4-6-3 (Groundball, 4)
|
Bottom of the 2nd over - 0 runs, 0 hits, 0 errors, 2 left on base; Menlo 0 - Moose Jaw 1 |
TOP OF THE 3RD |
Menlo Maniacs batting - Pitching for Moose Jaw Ghostbusters : LHP Colton Elías
|
Batting: RHB Glenn Carter
|
0-0: SINGLE (Flyball, 8RS)
|
Batting: RHB José Luján
|
0-0: Hit by Pitch Glenn Carter to second
|
Batting: RHB Joe Smith
|
0-0: Foul Ball, location: 2F 0-1: Ball 1-1: SINGLE (Flyball, 7S) Glenn Carter to third José Luján to second
|
Pitching: LHP Javier Galeas
|
|
Batting: RHB Bob Fitzgerald
|
0-0: Ball 1-0: Ball 2-0: Foul Ball, location: 2F 2-1: Ball 3-1: Foul Ball, location: 2F 3-2: Foul Ball, location: 2F 3-2: Base on Balls Glenn Carter scores José Luján to third Joe Smith to second
|
Batting: RHB Clinton Barton
|
0-0: Ball 1-0: Ball 2-0: Foul Ball, location: 2F 2-1: Called Strike 2-2: Ball 3-2: Foul Ball, location: 2F 3-2: Strikes out swinging
|
Batting: LHB Robby Lawson
|
0-0: Ball 1-0: Called Strike 1-1: Foul Ball, location: 2F 1-2: Grounds into double play, 6-4-3 (Groundball, 6)
|
Top of the 3rd over - 1 run, 2 hits, 0 errors, 2 left on base; Menlo 1 - Moose Jaw 1 |
BOTTOM OF THE 3RD |
Moose Jaw Ghostbusters batting - Pitching for Menlo Maniacs : LHP Pedro Castro
|
Batting: SHB Rafael Acosta
|
0-0: SOLO HOME RUN (Flyball, 9LD), Distance : 332 ft
|
Batting: RHB José Maldonado
|
0-0: Ball 1-0: Ball 2-0: Called Strike 2-1: SINGLE (Groundball, 34D)
|
Batting: RHB Aaron Murray
|
0-0: Ball 1-0: Ball 2-0: Swinging Strike 2-1: SINGLE (Groundball, 4MD) José Maldonado to second Runner from 2nd tries for 3rd, SAFE, no throw
|
Batting: RHB Scott McGuire
|
0-0: Ball 1-0: Ball 2-0: Called Strike 2-1: Fielders Choice at 2nd, 4-6 (Groundball, 34) José Maldonado scores
|
Batting: LHB Darren Holland
|
0-0: Called Strike 0-1: Ball 1-1: Ball 2-1: Called Strike 2-2: Strikes out looking
|
Batting: SHB Martín Cruz
|
0-0: Ball 1-0: Ball 2-0: Ball 3-0: Base on Balls Scott McGuire to second
|
Batting: SHB Lonnie Washington
|
0-0: Swinging Strike 0-1: Ball 1-1: Fly out, F9 (Flyball, 89M)
|
Bottom of the 3rd over - 2 runs, 3 hits, 0 errors, 2 left on base; Menlo 1 - Moose Jaw 3 |
TOP OF THE 4TH |
Menlo Maniacs batting - Pitching for Moose Jaw Ghostbusters : LHP Javier Galeas
|
Batting: RHB Paul Hardy
|
0-0: Fly out, F4 (Line Drive, 4)
|
Batting: RHB Dani Torres
|
0-0: Ball 1-0: Called Strike 1-1: Ball 2-1: Fly out, F8 (Line Drive, 8LM)
|
Batting: RHB Miguel González
|
0-0: Ball 1-0: Ball 2-0: Ground out 3-1 (Groundball, 34S)
|
Top of the 4th over - 0 runs, 0 hits, 0 errors, 0 left on base; Menlo 1 - Moose Jaw 3 |
BOTTOM OF THE 4TH |
Moose Jaw Ghostbusters batting - Pitching for Menlo Maniacs : LHP Pedro Castro
|
Batting: RHB Bob Cole
|
0-0: Called Strike 0-1: Ball 1-1: SINGLE (Groundball, 6MD)
|
Batting: LHB Jon Scott
|
0-0: Called Strike 0-1: Called Strike 0-2: Ball 1-2: Foul Ball, location: 2F 1-2: Foul Ball, location: 2F 1-2: Ball 2-2: Fly out, F8 (Flyball, 8RD)
|
Batting: SHB Rafael Acosta
|
0-0: Foul Ball, location: 2F 0-1: Called Strike 0-2: Ball 1-2: Ball 2-2: Ball 3-2: Base on Balls Bob Cole to second
|
Pitching: RHP Jason Spencer
|
|
Batting: RHB José Maldonado
|
0-0: Called Strike 0-1: SINGLE (Groundball, 4MD) Bob Cole to third Rafael Acosta to second Runner from 3rd tries for Home, SAFE, no throw
|
Batting: RHB Aaron Murray
|
0-0: Ball 1-0: Ball 2-0: Ball 3-0: Base on Balls Rafael Acosta to third José Maldonado to second
|
Pitching: RHP Wayne Todd
|
|
Batting: RHB Scott McGuire
|
0-0: Called Strike 0-1: Called Strike 0-2: Fly out, F8 (Flyball, 8RD) Runner from 3rd tags up, SCORES, throw made
|
Batting: LHB Darren Holland
|
0-0: Ground out U3 (Groundball, 3)
|
Bottom of the 4th over - 2 runs, 2 hits, 0 errors, 2 left on base; Menlo 1 - Moose Jaw 5 |
TOP OF THE 5TH |
Menlo Maniacs batting - Pitching for Moose Jaw Ghostbusters : LHP Javier Galeas
|
Batting: RHB Glenn Carter
|
0-0: SINGLE (Groundball, 56D)
|
Batting: RHB José Luján
|
0-0: Fly out, F8 (Flyball, 8LM)
|
Batting: RHB Joe Smith
|
0-0: Ball Pickoff Throw to First - Out! 1-0: Ball 2-0: Ground out 6-3 (Groundball, 6S)
|
Top of the 5th over - 0 runs, 1 hit, 0 errors, 0 left on base; Menlo 1 - Moose Jaw 5 |
BOTTOM OF THE 5TH |
Moose Jaw Ghostbusters batting - Pitching for Menlo Maniacs : RHP Wayne Todd
|
Batting: SHB Martín Cruz
|
0-0: Called Strike 0-1: Foul Ball, location: 2F 0-2: Ball 1-2: Strikes out swinging
|
Batting: SHB Lonnie Washington
|
0-0: Hit by Pitch
|
Batting: RHB Bob Cole
|
0-0: Called Strike Lonnie Washington steals 2nd base 0-1: Ball 1-1: Foul Ball, location: 2F 1-2: Ball 2-2: Ball 3-2: Base on Balls
|
Batting: LHB Jon Scott
|
0-0: Called Strike Lonnie Washington steals 3rd base 0-1: Ball 1-1: Fly out, F7 (Flyball, 7S)
|
Batting: SHB Rafael Acosta
|
0-0: Ball 1-0: Ground out 5-3 (Groundball, 56S)
|
Bottom of the 5th over - 0 runs, 0 hits, 0 errors, 2 left on base; Menlo 1 - Moose Jaw 5 |
TOP OF THE 6TH |
Menlo Maniacs batting - Pitching for Moose Jaw Ghostbusters : LHP Javier Galeas
|
Batting: RHB Bob Fitzgerald
|
0-0: Ball 1-0: Fly out, F6 (Popup, 6M)
|
Batting: RHB Clinton Barton
|
0-0: Called Strike 0-1: Ball 1-1: Foul Ball, location: 2F 1-2: Foul Ball, location: 2F 1-2: SINGLE (Line Drive, 6MD)
|
Batting: LHB Robby Lawson
|
0-0: Called Strike 0-1: Ball 1-1: Foul Ball, location: 2F 1-2: Foul Ball, location: 2F 1-2: Ball 2-2: Foul Ball, location: 2F 2-2: Foul Ball, location: 2F 2-2: Foul Ball, location: 2F 2-2: Foul Ball, location: 2F 2-2: Fly out, F7 (Flyball, 7LS)
|
Batting: RHB Paul Hardy
|
0-0: Ball 1-0: Reached on error, E6 (Groundball, 56) Clinton Barton to second
|
Batting: RHB Dani Torres
|
0-0: SINGLE (Groundball, 34D) Clinton Barton to third Paul Hardy to second Runner from 3rd tries for Home, SAFE, throw made home
|
Batting: RHB Miguel González
|
0-0: Called Strike 0-1: Swinging Strike 0-2: Fly out, F3 (Line Drive, 3)
|
Top of the 6th over - 1 run, 2 hits, 1 error, 2 left on base; Menlo 2 - Moose Jaw 5 |
TOP OF THE 7TH |
Menlo Maniacs batting - Pitching for Moose Jaw Ghostbusters : LHP Javier Galeas
|
Batting: RHB Glenn Carter
|
0-0: Ball 1-0: Fly out, F1 (Line Drive, 15)
|
Pitching: LHP Teuk-chin Kim
|
|
Batting: RHB José Luján
|
0-0: Ball 1-0: Called Strike 1-1: Called Strike 1-2: Ball 2-2: Ball 3-2: Fly out, F7 (Flyball, 7D)
|
Batting: RHB Joe Smith
|
0-0: Ball 1-0: Called Strike 1-1: Ball 2-1: Called Strike 2-2: Strikes out swinging
|
Top of the 7th over - 0 runs, 0 hits, 0 errors, 0 left on base; Menlo 2 - Moose Jaw 7 |
BOTTOM OF THE 7TH |
Moose Jaw Ghostbusters batting - Pitching for Menlo Maniacs : RHP Wayne Todd
|
Batting: SHB Rafael Acosta
|
0-0: Ball 1-0: DOUBLE (Flyball, 78D)
|
Batting: RHB José Maldonado
|
0-0: Ball 1-0: Foul Ball, location: 2F 1-1: Ball 2-1: SINGLE (Line Drive, 56D) Rafael Acosta to third Runner from 3rd tries for Home, SAFE, no throw
|
Pitching: RHP Jesús Martínez
|
|
Batting: RHB Aaron Murray
|
0-0: Ball 1-0: Swinging Strike 1-1: Called Strike 1-2: Foul Ball, location: 2F 1-2: SINGLE (Line Drive, 9LS) José Maldonado to second Runner from 2nd tries for 3rd, SAFE, no throw
|
Batting: RHB Scott McGuire
|
0-0: Ball 1-0: Fly out, F9 (Flyball, 9)
|
Batting: LHB Darren Holland
|
0-0: Ball 1-0: Called Strike 1-1: Foul Ball, location: 2F 1-2: Foul Ball, location: 2F 1-2: Foul Ball, location: 2F 1-2: Hit by Pitch Aaron Murray to second
|
Batting: SHB Martín Cruz
|
0-0: Ball 1-0: Ball 2-0: Ball 3-0: Base on Balls José Maldonado scores Aaron Murray to third Darren Holland to second
|
Batting: SHB Lonnie Washington
|
0-0: Called Strike 0-1: Swinging Strike 0-2: Strikes out swinging
|
Batting: RHB Bob Cole
|
0-0: Foul Ball, location: 2F 0-1: Called Strike 0-2: Ball 1-2: Ground out 1-3 (Groundball, P)
|
Bottom of the 7th over - 2 runs, 3 hits, 0 errors, 3 left on base; Menlo 2 - Moose Jaw 9 |
TOP OF THE 8TH |
Menlo Maniacs batting - Pitching for Moose Jaw Ghostbusters : LHP Teuk-chin Kim
|
Batting: RHB Bob Fitzgerald
|
0-0: Called Strike 0-1: Ball 1-1: Ball 2-1: Foul Ball, location: 2F 2-2: Foul Ball, location: 2F 2-2: Foul Ball, location: 2F 2-2: Fly out, F8 (Line Drive, 8RM)
|
Batting: RHB Clinton Barton
|
0-0: Foul Ball, location: 2F 0-1: Ball 1-1: Ball 2-1: Ball 3-1: Fly out, F9 (Flyball, 9LSF)
|
Batting: LHB Robby Lawson
|
0-0: Called Strike 0-1: Fly out, F7 (Flyball, 7LDF)
|
Top of the 8th over - 0 runs, 0 hits, 0 errors, 0 left on base; Menlo 2 - Moose Jaw 9 |
BOTTOM OF THE 8TH |
Moose Jaw Ghostbusters batting - Pitching for Menlo Maniacs : RHP Jesús Martínez
|
Batting: LHB Jon Scott
|
0-0: Ball 1-0: Called Strike 1-1: Called Strike 1-2: Foul Ball, location: 2F 1-2: Foul Ball, location: 2F 1-2: Strikes out swinging
|
Batting: SHB Rafael Acosta
|
0-0: Called Strike 0-1: Ground out 6-3 (Groundball, 6)
|
Batting: RHB José Maldonado
|
0-0: Swinging Strike 0-1: Ball 1-1: Foul Ball, location: 2F 1-2: Foul Ball, location: 2F 1-2: Ball 2-2: Strikes out swinging
|
Bottom of the 8th over - 0 runs, 0 hits, 0 errors, 0 left on base; Menlo 2 - Moose Jaw 9 |
TOP OF THE 9TH |
Menlo Maniacs batting - Pitching for Moose Jaw Ghostbusters : LHP Teuk-chin Kim
|
Batting: RHB Paul Hardy
|
0-0: Fly out, F8 (Flyball, 8LD)
|
Batting: RHB Dani Torres
|
0-0: Foul Ball, location: 2F 0-1: Ball 1-1: Called Strike 1-2: Ball 2-2: Strikes out swinging
|
Batting: RHB Miguel González
|
0-0: Called Strike 0-1: Ball 1-1: Ball 2-1: Called Strike 2-2: Ball 3-2: Strikes out swinging
|
Top of the 9th over - 0 runs, 0 hits, 0 errors, 0 left on base; Menlo 2 - Moose Jaw 9 |
|